 Dungeon Crawl Stone Soup version 0.21-a0-414-gba8bdf1 (webtiles) character file.

1255 karf the Blocker (level 8, -9/64 (65) HPs)
             Began as a Formicid Fighter on Nov 2, 2017.
             Was a Believer of Okawaru.
             Killed from afar by an electric eel (13 damage)
             ... with a bolt of electricity
             ... on level 6 of the Dungeon.
             The game lasted 00:12:30 (4517 turns).

karf the Blocker (Formicid Fighter)                 Turns: 4517, Time: 00:12:31

HP:   -9/64 (65)    AC:  9    Str: 23    XL:     8   Next: 80%
MP:   8/8           EV:  9    Int:  8    God:    Okawaru [**....]
Gold: 442           SH: 11    Dex: 10    Spells: 7/7 levels left

rFire    . . .     SeeInvis +   a - +1 quarterstaff
rCold    . . .     Gourm    .   c - +0 shield
rNeg     . . .     Faith    .   b - +0 scale mail
rPois    .         Spirit   .   (helmet unavailable)
rElec    .         Reflect  .   t - +0 cloak
rCorr    .         Harm     .   (no gloves)
MR       .....                  k - +0 pair of boots
Stlth    ..........             (no amulet)
HPRegen  0.20/turn              g - ring of loudness
MPRegen  0.11/turn              (no ring)

@: no status effects
A: permanent stasis, dig shafts and tunnels, four strong arms, antennae 3
a: Dig, Shaft Self, Heroism, Renounce Religion


You were on level 6 of the Dungeon.
You worshipped Okawaru.
Okawaru was pleased with you.
You were not hungry.

You visited 1 branch of the dungeon, and saw 6 of its levels.
You also visited: Ossuary.

You collected 442 gold pieces.

Inventory:

Hand Weapons
 a - a +1 quarterstaff (weapon)
Armour
 b - a +0 scale mail (worn)
 c - a +0 shield (worn)
 k - a +0 pair of boots (worn)
 t - a +0 cloak (worn)
Jewellery
 g - a ring of loudness (left hand)
 u - an uncursed ring of magical power {unknown}
Scrolls
 l - 3 scrolls of enchant weapon
 n - 5 scrolls of remove curse
 o - 4 scrolls of identify
 p - 2 scrolls of blinking {unknown}
 w - 2 scrolls of amnesia
 x - 3 scrolls of enchant armour {unknown}
 y - a scroll of fog {unknown}
Potions
 d - a potion of heal wounds {unknown}
 e - 6 potions of cancellation
 i - 4 potions of flight {unknown}
 j - 2 potions of mutation {unknown}
 m - 2 potions of berserk rage {unknown}
 q - 2 potions of resistance {unknown}
 s - a potion of lignification {unknown}
Comestibles
 f - 3 bread rations
 h - 5 royal jellies
 r - 3 fruits
 v - a meat ration


   Skills:
 + Level 6.5 Fighting
 + Level 5.4 Staves
 - Level 3.3 Armour
 - Level 9.0 Shields


You had 7 spell levels left.
You didn't know any spells.

Dungeon Overview and Level Annotations

Branches:
Dungeon (6/15)
 Temple: D:4-7

Altars:
Ashenzari
Elyvilon
Fedhas
Kikubaaqudgha
Makhleb
Nemelex Xobeh
Okawaru
Sif Muna
The Shining One

Shops:
D:4 =


Innate Abilities, Weirdness & Mutations

You cannot be hasted, slowed, berserked, paralysed or teleported.
You can dig through walls and to a lower floor.
Your four strong arms can wield two-handed weapons with a shield.
You have a pair of large antennae on your head. (SInv)


Message History

The bullfrog skeleton barely misses you.
You block the bullfrog skeleton's attack.
You hit the bullfrog skeleton.
The bullfrog skeleton is severely damaged.
The crimson imp blinks!
The bullfrog skeleton hits you.
* * * LOW HITPOINT WARNING * * *
You sock the bullfrog skeleton!
You destroy the bullfrog skeleton!
Okawaru accepts your kill.
A crimson imp is nearby!
The crimson imp blinks!
You see here a howler monkey corpse.
You see here a howler monkey corpse.
A jelly comes into view.
The jelly moves out of view.
The electric eel shoots out a bolt of lightning at you!
The bolt of electricity hits you!
* * * LOW HITPOINT WARNING * * *
The bolt of electricity hits you!
You die...

# *,*,,,,,,,* *,* *,* #
*,,,,,_,,,****,* *,* #
***,,,,,,,*,,,,* *,*
**,,,,,*********,* **,,,**
*,,,,,,, ***#* *,****** *##.# *,*
* #######...# *,* *
#...†.@.#.##** *,******
#.#####......#**,,,,,,, ####
##........≈....,,,≈,,≈≈, ...#
##(.≈{§h≈P;≈≈≈.≈≈≈≈≈≈,≈≈≈
##.######...≈≈≈≈;PP≈J≈≈≈≈≈≈≈≈≈≈≈≈
#.##.....≈≈.≈≈≈≈≈≈≈≈≈≈≈≈≈≈≈≈≈≈≈≈
##.##...≈≈≈≈≈≈≈≈≈≈≈≈≈P≈≈,≈,≈≈≈≈≈≈
......$..≈P≈≈≈≈≈≈≈PP≈≈≈≈,,≈,,,≈,≈
##.##..≈≈≈≈≈≈≈≈o≈o.≈≈.,,,,,,,,,,,


You could see a jelly and an electric eel.

Vanquished Creatures
  An ogre (D:6)
  A necrophage (D:5)
  A centaur (D:5)
  A bullfrog (D:6)
  An electric eel (D:6)
  A howler monkey (D:6)
  A bullfrog skeleton (D:6)
  3 human zombies (Ossuary)
  An orc priest (D:4)
  3 hounds
  5 orc wizards
  3 iguanas
  4 worker ants
  2 big kobold zombies (Ossuary)
  A hound zombie (D:6)
  A hound skeleton (D:5)
  2 mummies (Ossuary)
  Robin (D:3)
  A worker ant zombie (D:5)
  7 adders
  2 shadow imps
  An ooze (D:2)
  3 worms
  3 dart slugs
  8 orcs
  5 bats
  18 goblins
  11 hobgoblins
  10 jackals
  A quokka (D:4)
  6 frilled lizards
  3 goblin zombies (Ossuary)
  11 hobgoblin zombies (Ossuary)
  2 jackal zombies (Ossuary)
  7 kobolds
  6 kobold zombies (Ossuary)
  9 orc zombies (Ossuary)
  3 rats
  A rat zombie (Ossuary)
151 creatures vanquished.

Notes
Turn   | Place    | Note
-------+----------+-------------------------------------------
     0 | D:1      | karf the Formicid Fighter began the quest for the Orb.
     0 | D:1      | Reached XP level 1. HP: 18/18 MP: 1/1
    63 | D:1      | Reached XP level 2. HP: 24/24 MP: 2/2
   105 | D:1      | Reached skill level 4 in Shields
   150 | D:1      | Reached XP level 3. HP: 21/29 MP: 3/3
   595 | D:2      | Found a faded altar of an unknown god.
   609 | D:2      | Reached XP level 4. HP: 37/37 MP: 4/4
   696 | D:2      | Found an iron altar of Okawaru.
   702 | D:2      | Became a worshipper of Warmaster Okawaru
   770 | D:2      | Found an ancient bone altar of Kikubaaqudgha.
   796 | D:2      | Reached skill level 5 in Shields
  1460 | D:3      | Noticed Robin
  1488 | D:2      | Reached XP level 5. HP: 36/42 MP: 5/5
  1609 | D:3      | Killed Robin
  1709 | D:3      | Found a burning altar of Makhleb.
  1827 | D:2      | Reached XP level 6. HP: 11/49 MP: 6/6
  1828 | D:2      | Reached skill level 6 in Shields
  2032 | D:3      | Found a glowing golden altar of the Shining One.
  2434 | D:4      | Reached * piety under Okawaru
  2718 | D:4      | Found Hotenefi's Jewellery Shop.
  2731 | D:4      | Reached XP level 7. HP: 54/55 MP: 7/7
  2847 | D:4      | Found a shattered altar of Ashenzari.
  2852 | D:4      | Reached skill level 5 in Fighting
  2937 | D:4      | Reached skill level 7 in Shields
  3039 | D:5      | Entered Level 5 of the Dungeon
  3075 | D:5      | Found a white marble altar of Elyvilon.
  3373 | D:5      | Reached XP level 8. HP: 59/62 MP: 8/8
  3646 | D:5      | Found a sparkling altar of Nemelex Xobeh.
  3787 | D:6      | Reached skill level 8 in Shields
  3793 | D:6      | Reached ** piety under Okawaru
  3811 | D:6      | Found a blossoming altar of Fedhas.
  3848 | D:6      | Found a sand-covered staircase.
  3854 | Ossuary  | Entered an ossuary
  4023 | Ossuary  | Reached skill level 5 in Staves
  4409 | D:6      | Found a deep blue altar of Sif Muna.
  4485 | D:6      | Reached skill level 9 in Shields
  4517 | D:6      | Killed from afar by an electric eel

Vault maps used:
D:1:      tarquinn_simple_flora_water_a
D:2:      lemuel_coloured_pillars_altar, okawaru_trees_2,
          chequers_ecumenical_altar_simple, feat_on_display
D:3:      old_standard_altar, nicolae_overflow_crystal_walls, first_bread,
          uniq_robin
D:4:      ashenzari_altar_1, serial_shops, shop
D:5:      overflow_temple_1_default, elyvilon_altar_3
D:6:      kennysheep_little_box, lemuel_round_altar, overflow_temple_1_default,
          nicolae_ossuary_entry_plus, nrook_uturn, chequers_big_river
Ossuary:  ossuary_tomb_1

Skill      XL: |  1  2  3  4  5  6  7  8 |
---------------+-------------------------+-----
Shields        | 4 5 6 7 9 |  9.0
Fighting       | 4 5 6 |  6.5
Staves         | 3 4 5 |  5.4
Armour         | |  3.3

Action                   |  1- 3 |  4- 6 |  7- 9 || total
-------------------------+-------+-------+-------++-------
Melee: Quarterstaff      |    79 |   186 |   253 ||   518
       Unarmed           |       |       |    18 ||    18
  Use: Scroll            |     2 |       |     4 ||     6
       Potion            |       |     1 |       ||     1
  Eat: Chunk             |       |     6 |     3 ||     9
       Bread ration      |       |       |     1 ||     1
Armor: Scale mail        |    28 |    78 |    79 ||   185
Dodge: Dodged            |    38 |    68 |    99 ||   205
Block: Shield            |    40 |   103 |   139 ||   282

Table legend:
 A = Spawn XP
 B = Non-spawn XP
 C = Spawn XP percentage of total XP
 D = Spawn monster count
 E = Non-spawn monster count
 F = Spawn count percentage of total count
 G = Total turns spent on level
                    A         B        C        D         E        F      G
               +---------+---------+-------+---------+---------+-------+---------
         Total |       0 |    1794 |   0.0 |       0 |     151 |   0.0 |  4517
               +---------+---------+-------+---------+---------+-------+---------
           D:1 |       0 |      49 |   0.0 |       0 |      27 |   0.0 |   579
           D:2 |       0 |     201 |   0.0 |       0 |      31 |   0.0 |  1028
           D:3 |       0 |      97 |   0.0 |       0 |      17 |   0.0 |   568
           D:4 |       0 |     300 |   0.0 |       0 |      14 |   0.0 |   864
           D:5 |       0 |     397 |   0.0 |       0 |      13 |   0.0 |   726
           D:6 |       0 |     498 |   0.0 |       0 |      10 |   0.0 |   324
       Ossuary |       0 |     252 |   0.0 |       0 |      39 |   0.0 |   428
               +---------+---------+-------+---------+---------+-------+---------
